 Dungeon Crawl Stone Soup version 0.28-a0-390-gb254ac4902 (webtiles) character file.

Game seed: 3784482440735768266

51436 omnomnOMINOUS the Basher (level 14, -2/87 (106) HPs)
             Began as an Octopode Wanderer on Sept 3, 2021.
             Was a High Priest of Ru.
             Slain by Bujuo's ghost (19 damage)
             ... on level 1 of the Lair of Beasts.
             The game lasted 01:14:20 (27800 turns).

omnomnOMINOUS the Basher (Octopode Wanderer)       Turns: 27800, Time: 01:14:21

HP:   -2/87 (106)   AC:  1    Str: 12    XL:     14   Next: 59%
MP:   23/23         EV: 28    Int: 35    God:    Ru [*****.]
Gold: 985           SH:  0    Dex: 25    Spells: 20/29 levels left

rFire   x . .      SeeInvis +   a - +11 mace of Decaying Defence {flame, Int+4}
rCold   x . .      Faith    .   (no shield)
rNeg    . . .      Spirit   .   (helmet restricted)
rPois   +          Reflect  .   R - amulet of the acrobat
rElec   .          Harm     .   o - +4 ring of evasion
rCorr   .          Rampage  .   A - +6 ring of dexterity
Will    +....      Clarity  +   H - ring of poison resistance
Stlth   +++.......              L - +4 ring of evasion
HPRegen 0.24/turn               M - +6 ring of dexterity
MPRegen 0.18/turn               X - +6 ring of intelligence
                                G - ring "Jaebuyl" {Int+6 Dex+4}
                                (no ring)

@: exhausted, heavily drained
A: almost no armour, amphibious, 8 rings, camouflage 1, clumsy 1, low mp 1,
gelatinous body 1, no ice magic, no summoning magic, no transmutations magic,
reduced EV 1, temperature sensitive, (nimble swimmer 1), tentacles, see
invisible, clarity, evolution 1
a: Renounce Religion, Draw Out Power, Power Leap, Apocalypse


You were on level 1 of the Lair of Beasts.
You worshipped Ru.
Ru was extremely pleased with you.
You visited 3 branches of the dungeon, and saw 16 of its levels.
You also visited: Sewer.

You collected 1105 gold pieces.
You spent 120 gold pieces at shops.

Inventory:

Hand Weapons
 a - the +11 mace of Decaying Defence (weapon) {flame, Int+4}
   (You found it on level 5 of the Dungeon)

   It burns those it strikes, dealing additional fire damage.
   Int:       It affects your intelligence (+4).
 b - a +0 eveningstar of pain
Missiles
 c - 4 atropa-tipped darts
 i - 14 silver javelins
 D - 3 curare-tipped darts
 E - 2 throwing nets (quivered)
Armour
 P - a +0 kite shield
Magical Staves
 N - a staff of poison
Jewellery
 o - a +4 ring of evasion (left tentacle)
 A - a +6 ring of dexterity (right tentacle)
 G - the ring "Jaebuyl" (on tentacle) {Int+6 Dex+4}
   (You found it on level 9 of the Dungeon)

   [ring of intelligence]

   Int:       It affects your intelligence (+6).
   Dex:       It affects your dexterity (+4).
 H - a ring of poison resistance (on tentacle)
 L - a +4 ring of evasion (on tentacle)
 M - a +6 ring of dexterity (on tentacle)
 R - an amulet of the acrobat (around mantle)
 U - an amulet of reflection
 X - a +6 ring of intelligence (on tentacle)
Wands
 w - a wand of polymorph (26)
 z - a wand of acid (15)
 J - a wand of digging (8)
 K - a wand of iceblast (20)
 V - a wand of flame (33)
 W - a wand of mindburst (10)
Scrolls
 e - a scroll of summoning {unknown}
 h - 3 scrolls of amnesia
 j - 3 scrolls of noise
 k - 6 scrolls of enchant armour
 l - 3 scrolls of silence
 m - 6 scrolls of enchant weapon
 r - 3 scrolls of fog
 s - 4 scrolls of fear
 t - 3 scrolls of magic mapping
 u - 4 scrolls of vulnerability
 x - 3 scrolls of teleportation
 y - 2 scrolls of blinking
 O - 3 scrolls of torment
 Z - a scroll of brand weapon
Potions
 d - 4 potions of haste
 f - 7 potions of heal wounds
 g - 2 potions of invisibility
 p - 2 potions of brilliance
 q - 2 potions of might
 v - 3 potions of flight
 B - 14 potions of curing
 C - a potion of mutation
 I - 4 potions of attraction
 S - 3 potions of lignification
 T - a potion of ambrosia
Miscellaneous
 n - a tin of tremorstones (2/2)
 F - a lightning rod (2/4)
 Q - a condenser vane (inert)


   Skills:
 + Level 13.1 Fighting
 - Level 14.0 Maces & Flails
 - Level 3.6 Polearms
 + Level 13.0 Dodging
 - Level 1.3 Stealth
 * Level 2.2 Shields
 - Level 8.0 Spellcasting


You had 20 spell levels left.
You knew the following spells:

 Your Spells              Type           Power      Damage    Failure   Level
a - Magic Dart            Conj           56%        1d5       3%          1
b - Blink                 Tloc           N/A        N/A       4%          2
c - Passwall              Tmut/Erth      11%        N/A       4%          2
d - Mephitic Cloud        Conj/Pois/Air  14%        N/A       9%          3
e - Apportation           Tloc           28%        N/A       3%          1

Your spell library contained the following spells:

 Spells                   Type           Power      Damage    Failure   Level
 Animate Skeleton         Necr           28%        N/A       3%          1
 Corona                   Hex            15%        N/A       3%          1
 Slow                     Hex            14%        N/A       4%          2
 Confusing Touch          Hex            14%        N/A       9%          3
 Conjure Flame            Conj/Fire      14%        6-21      9%          3
 Swiftness                Air            14%        N/A       9%          3
 Vampiric Draining        Necr           7%         2d7       9%          3
 Cause Fear               Hex            7%         N/A       30%         4
 Invisibility             Hex            7%         N/A       99%         6
 Summon Small Mammal      Summ           Unusable   N/A       N/A         1
 Call Imp                 Summ           Unusable   N/A       N/A         2
 Ensorcelled Hibernation  Hex/Ice        Unusable   N/A       N/A         2
 Spider Form              Tmut/Pois      Unusable   N/A       N/A         3
 Alistair's Intoxication  Tmut/Pois      Unusable   N/A       N/A         5
 Summon Forest            Summ/Tloc      Unusable   N/A       N/A         5
 Summon Mana Viper        Hex/Summ       Unusable   N/A       N/A         5
 Yara's Violent Unravell  Hex/Tmut       Unusable   3d5       N/A         5
 Summon Cactus Giant      Summ           Unusable   N/A       N/A         6

Dungeon Overview and Level Annotations

Branches:
Dungeon (9/15)             Temple (1/1) D:4            Lair (6/6) D:9
 Shoals (0/4) Lair:3       Spider (0/4) Lair:4        Slime (0/5) Lair:6
  Sewer (visited)
    Orc: D:9-12

Altars:
Ashenzari
Cheibriados
Dithmenos
Elyvilon
Fedhas
Gozag
Hepliaklqana
Makhleb
Nemelex Xobeh
Okawaru
Qazlal
Ru
Sif Muna
Trog
Uskayaw
Vehumet
Wu Jian
Xom
Yredelemnul
Zin
The Shining One
Jiyva

Shops:
D:5 [*

Annotations:
Lair:1 Bujuo's ghost, journeyman PaFi
Lair:6 2 transporters, 1 runed translucent door, Tussaus's ghost, journeyman NaNe


Innate Abilities, Weirdness & Mutations

You cannot wear most types of armour.
You are amphibious.
You can wear up to eight rings at the same time.
Your skin changes colour to match your surroundings (Stealth+).
You are clumsy. (Dex -2)
Your magical capacity is low. (-10% MP)
Your rubbery body absorbs attacks. (AC +1, EV +1)
You cannot study or cast Ice magic.
You cannot study or cast Summoning magic.
You cannot study or cast Transmutations magic.
You have somewhat slow reflexes. (EV -5)
You are sensitive to extremes of temperature. (rF-, rC-)
((You are camouflaged near water. (Stealth+)))
You have tentacles for arms and can constrict up to eight enemies at once.
You have supernaturally acute eyesight. (SInv)
You possess an exceptional clarity of mind.
You have hidden genetic potential.


Message History

Bujuo's ghost burns you!
* * * LOW HITPOINT WARNING * * *
You focus your inner power and blind Bujuo's ghost in retribution!
Unknown command.
You feel much better. Bujuo's ghost completely misses you.
You hit Bujuo's ghost but do no damage.
Bujuo's ghost is severely damaged.
Bujuo's ghost barely misses you.
You hit Bujuo's ghost. You burn Bujuo's ghost.
Your squeeze misses Bujuo's ghost.
Bujuo's ghost is almost destroyed.
Bujuo's ghost is stunned by your conviction and fails to attack.
You hit Bujuo's ghost but do no damage.
You squeeze Bujuo's ghost, but do no damage.
Bujuo's ghost is almost destroyed.
You hit Bujuo's ghost but do no damage.
You squeeze Bujuo's ghost, but do no damage.
Bujuo's ghost is almost destroyed.
Bujuo's ghost hits you!
* * * LOW HITPOINT WARNING * * *
Bujuo's ghost burns you.
* * * LOW HITPOINT WARNING * * *
You feel much better.
Bujuo's ghost is no longer blind.
Bujuo's ghost hits you!!
* * * LOW HITPOINT WARNING * * *
Bujuo's ghost burns you.
* * * LOW HITPOINT WARNING * * *
Okay, then.
Unknown command.
Press: ? - help, v - describe, . - travel
Here: Bujuo's ghost, wielding a weapon of flaming (almost destroyed)
The floor.
Aiming: Corrosive Bolt
Press: ? - help, Shift-Dir - straight line, f/p - Bujuo's ghost
Aim: Bujuo's ghost, wielding a weapon of flaming (almost destroyed, 79% to hit)
The bolt of acid hits Bujuo's ghost.
The acid corrodes Bujuo's ghost!
Bujuo's ghost is almost destroyed.
Bujuo's ghost says very slowly, "There's no hope."
Bujuo's ghost hits you!!
You die...

....# ###PP.P###
#.....## ....# ###..#
#..#.## ..#.# #.##
##.#.# # .##.# #.#
#...### ##..## #.#
#...##. ###..# ###.###
#.#.##. ....##
###.....#####.#.#..
###.#
#####..........#♣....#.
#..#
#.#.#.@#...###.#♣.♣....
#.## ##....W!.P##
#.#♣.#...# #.#
###'''#### ##..♣.♣##..
##.# #(....)$# #..##.#
### .#.# #..(....#
##.#♣.♣ ...# #....(.)#
#P..#.# .).# #♣(.....#
##.##.# #.## #...((♣.#
#.##.# #.# #########
#.#P.#


You could see Bujuo's ghost (corroded).

Vanquished Creatures
  Rupert (Lair:6)
  4 hydras
  The ghost of speeev33 the Grappler, a novice TrBe of Trog (D:9)
  2 death yaks (Lair:5)
  A two-headed ogre (D:8)
  Erica (D:8)
  2 centaur warriors (D:8)
  Urug (Lair:5)
  Pikel (D:4)
  A wolf spider (Lair:6)
  2 lindwurms
  A cyclops (D:8)
  12 black mambas
  4 elephants
  A merfolk siren (Lair:3)
  15 cane toads
  7 torpor snails
  A guardian serpent (Lair:6)
  6 komodo dragons
  2 rime drakes
  Psyche (D:8)
  8 hornets
  4 jumping spiders (Lair:4)
  A polar bear (Lair:2)
  3 tyrant leeches (Lair:6)
  14 blink frogs
  9 dream sheep
  5 redbacks
  The ghost of hatdisgam the Cutter, an amateur SpFi of Uskayaw (D:5)
  41 yaks
  13 wyverns
  3 basilisks
  A wraith (D:9)
  3 neqoxecs (D:9)
  A steam dragon (D:9)
  Menkaure (D:5)
  Duvessa (D:5)
  18 water moccasins
  2 orc warriors
  5 black bears
  2 sky beasts
  An ice beast (D:6)
  The ghost of avis the Scratcher, an amateur FeTm of Vehumet (D:4)
  A necrophage (D:6)
  2 ogres (D:6)
  5 centaurs
  14 wolves
  3 lemures
  3 phantoms
  13 bullfrogs
  Blork the orc (D:4)
  A gnoll sergeant (D:8)
  4 scorpions
  Dowan (D:5)
  3 water moccasin skeletons
  5 killer bees (D:8)
  3 wights (D:4)
  An electric eel (D:6)
  2 jellies
  3 quasits (D:9)
  A bullfrog zombie (D:6)
  5 centaur zombies
  3 hounds
  Crazy Yiuf (D:4)
  3 bullfrog skeletons
  An orc priest (D:5)
  A gnoll shaman (D:6)
  2 centaur skeletons
  Jessica (D:3)
  2 iguanas
  2 orc wizards
  Natasha (thrice) (D:3)
  Robin (D:3)
  2 howler monkey zombies
  2 gnolls (D:6)
  22 adders
  3 river rats (Sewer)
  2 shadow imps
  2 white imps (D:5)
  An ufetubus (D:5)
  2 adder skeletons
  6 worms
  5 dart slugs
  10 orcs
  12 endoplasms
  5 giant cockroaches
  18 goblins
  10 hobgoblins
  2 kobolds
  6 quokkas
  17 ball pythons
  7 bats
  8 frilled lizards
  46 rats
484 creatures vanquished.

Vanquished Creatures (others)
  A hornet (Lair:6)
  A yak (Lair:3)
  A water moccasin (Lair:6)
  A centaur zombie (D:8)
  A gnoll (D:6)
  A bush (Lair:6)
  38 fungi
  87 plants
131 creatures vanquished.

Grand Total: 615 creatures vanquished

Notes
Turn   | Place    | Note
-------+----------+-------------------------------------------
     0 | D:1      | omnomnOMINOUS the Octopode Wanderer began the quest for the
                  | Orb.
     0 | D:1      | omnomnOMINOUS set off with the following items: a +0 club,
                  | a potion of curing, a potion of lignification; and the
                  | following spell memorised: Magic Dart; and the following
                  | spells available to memorise: Blink, Call Imp, Slow,
                  | Conjure Flame, Mephitic Cloud
     0 | D:1      | Reached XP level 1. HP: 16/16 MP: 3/3
   329 | D:1      | Reached XP level 2. HP: 21/21 MP: 5/5
   762 | D:1      | Reached XP level 3. HP: 12/26 MP: 6/6
  1138 | D:2      | Reached XP level 4. HP: 15/31 MP: 7/7
  1780 | D:2      | Reached XP level 5. HP: 32/36 MP: 9/9
  3268 | D:3      | Noticed Jessica
  3275 | D:3      | Killed Jessica
  3276 | D:3      | Reached XP level 6. HP: 29/43 MP: 11/11
  3386 | D:3      | Noticed Robin
  3427 | D:3      | Killed Robin
  3644 | D:3      | Found a glowing drain.
  3689 | Sewer    | Entered a sewer
  3704 | Sewer    | Learned a level 2 spell: Blink
  3952 | Sewer    | HP: 2/43 [river rat (8)]
  4798 | Sewer    | Reached XP level 7. HP: 44/49 MP: 12/14
  5233 | D:3      | Noticed Natasha
  5238 | D:3      | Learned a level 2 spell: Passwall
  5242 | D:3      | Learned a level 3 spell: Mephitic Cloud
  5252 | D:3      | Killed Natasha
  5326 | D:3      | Noticed Natasha
  5334 | D:3      | Killed Natasha
  5507 | D:3      | Noticed Natasha
  5515 | D:3      | Killed Natasha
  5516 | D:3      | Reached skill level 5 in Spellcasting
  6022 | D:4      | Noticed Pikel
  6374 | D:4      | Found a staircase to the Ecumenical Temple.
  6394 | Temple   | Entered the Ecumenical Temple
  6580 | Temple   | Became a worshipper of Ru the Awakened
  6669 | D:4      | Killed Pikel
  6670 | D:4      | Reached skill level 5 in Fighting
  6670 | D:4      | Reached skill level 5 in Dodging
  6670 | D:4      | Reached XP level 8. HP: 23/55 MP: 12/17
  7009 | D:4      | Noticed Blork the orc
  7085 | D:4      | Killed Blork the orc
  7302 | D:4      | Found a bloodstained altar of Trog.
  7445 | D:4      | Found a runed translucent door.
  7446 | D:4      | Noticed Crazy Yiuf
  7576 | D:4      | Found a runed translucent gate.
  7577 | D:4      | Found a runed translucent gate.
  7577 | D:4      | Found a runed translucent gate.
  7578 | D:4      | Noticed avis's ghost (amateur FeTm)
  8036 | D:4      | Killed Crazy Yiuf
  8110 | D:5      | Entered Level 5 of the Dungeon
  8310 | D:5      | Reached XP level 9. HP: 40/62 MP: 19/19
  8460 | D:5      | Found a runed translucent gate.
  8461 | D:5      | Found a runed translucent gate.
  8467 | D:5      | Found a runed translucent gate.
  8468 | D:5      | Noticed hatdisgam's ghost (amateur SpFi)
  8505 | D:5      | Learned a level 1 spell: Apportation
  8518 | D:5      | Gained mutation: You cannot study or cast Ice magic. [Ru
                  | sacrifice]
  8518 | D:5      | Gained mutation: You cannot study or cast Transmutations
                  | magic. [Ru sacrifice]
  8518 | D:5      | Gained mutation: You cannot study or cast Summoning magic.
                  | [Ru sacrifice]
  8518 | D:5      | Reached * piety under Ru
  9327 | D:5      | Found Cujiv's CLEARANCE SALE! EVERYTHING MUST GO!.
  9340 | D:5      | Bought a potion of haste for 30 gold pieces
  9340 | D:5      | Bought a lightning rod (4/4) for 90 gold pieces
  9369 | D:5      | Noticed Menkaure
  9372 | D:5      | Identified the +11 mace of Decaying Defence {flame, Int+4}
  9393 | D:5      | Killed Menkaure
  9539 | D:5      | Found a shimmering blue altar of Sif Muna.
  9539 | D:5      | Found a glowing golden altar of the Shining One.
  9685 | D:5      | Found Kingaq's Antique Armour Boutique.
  9746 | D:5      | Reached skill level 1 in Maces & Flails
  9924 | D:5      | Noticed Duvessa
  9957 | D:5      | Killed Duvessa
  9957 | D:5      | Noticed Dowan
  9966 | D:5      | Killed Dowan
 10153 | D:6      | Found an ornate altar of the Wu Jian Council.
 10186 | D:6      | Reached skill level 2 in Maces & Flails
 10505 | D:6      | Reached skill level 3 in Maces & Flails
 11003 | D:6      | Reached skill level 4 in Maces & Flails
 11112 | D:6      | Reached XP level 10. HP: 71/71 MP: 21/21
 11574 | D:7      | Found a white marble altar of Elyvilon.
 11653 | D:7      | Gained mutation: You are sensitive to extremes of
                  | temperature. (rF-, rC-) [Ru sacrifice]
 11653 | D:7      | Reached ** piety under Ru
 11653 | D:7      | Reached *** piety under Ru
 12735 | D:8      | Reached skill level 5 in Maces & Flails
 12851 | D:8      | Noticed a two-headed ogre
 12851 | D:8      | Noticed a centaur warrior
 12873 | D:8      | Killed a centaur warrior
 12877 | D:8      | HP: 3/106 [two-headed ogre (18)]
 12879 | D:8      | Killed a two-headed ogre
 12880 | D:8      | Reached skill level 6 in Maces & Flails
 12918 | D:8      | Noticed a centaur warrior
 13024 | D:8      | Noticed a cyclops
 13389 | D:8      | Killed a cyclops
 13408 | D:8      | Noticed Erica
 13416 | D:8      | Killed Erica
 13417 | D:8      | Reached skill level 7 in Maces & Flails
 13553 | D:8      | Noticed Psyche
 13560 | D:8      | Killed Psyche
 13607 | D:8      | Noticed a white ugly thing
 13608 | D:8      | Noticed a green ugly thing
 14003 | D:8      | Reached XP level 11. HP: 77/78 MP: 23/23
 14078 | D:8      | Killed a centaur warrior
 14347 | D:8      | Reached skill level 8 in Maces & Flails
 14854 | D:9      | Found a transporter.
 14855 | D:9      | Noticed speeev33's ghost (novice TrBe)
 14886 | D:9      | Found a transporter.
 15030 | D:9      | Got the Papyrus of Enchanting Toxins
 15281 | D:9      | Gained mutation: You have somewhat slow reflexes. (EV -5)
                  | [Ru sacrifice]
 15281 | D:9      | Reached **** piety under Ru
 15532 | D:9      | Found a staircase to the Lair.
 15605 | Lair:1   | Entered Level 1 of the Lair of Beasts
 15968 | Lair:1   | Found a runed translucent gate.
 15969 | Lair:1   | Found a runed translucent gate.
 15970 | Lair:1   | Found a runed translucent gate.
 15970 | Lair:1   | Noticed Bujuo's ghost (journeyman PaFi)
 16034 | Lair:1   | Reached skill level 9 in Maces & Flails
 17139 | Lair:2   | Reached skill level 10 in Maces & Flails
 17188 | Lair:2   | Reached XP level 12. HP: 38/87 MP: 24/24
 17199 | Lair:2   | HP: 4/87 [blink frog (19)]
 17776 | Lair:2   | Noticed a four-headed hydra
 18378 | Lair:2   | Gained mutation: Your magical capacity is low. (-10% MP)
                  | [Ru sacrifice]
 18378 | Lair:2   | Reached ***** piety under Ru
 18655 | Lair:3   | Reached skill level 10 in Fighting
 18655 | Lair:3   | Reached skill level 10 in Dodging
 18691 | Lair:3   | Found a staircase to the Shoals.
 18928 | Lair:3   | Reached skill level 11 in Maces & Flails
 19815 | Lair:4   | Noticed a five-headed hydra
 19856 | Lair:4   | Noticed a seven-headed hydra
 19878 | Lair:4   | Killed a seven-headed hydra
 20610 | Lair:4   | Reached skill level 12 in Maces & Flails
 20670 | Lair:4   | Noticed an eight-headed hydra
 21044 | Lair:3   | Reached XP level 13. HP: 78/94 MP: 22/22
 21395 | Lair:4   | Found a hole to the Spider Nest.
 22297 | Lair:5   | Gained mutation: You are clumsy. (Dex -2) [Ru sacrifice]
 22338 | Lair:5   | Noticed Urug
 22451 | Lair:5   | Reached skill level 13 in Maces & Flails
 23290 | Lair:5   | Killed Urug
 24341 | Lair:6   | Entered Level 6 of the Lair of Beasts
 24341 | Lair:6   | Found a snail-covered altar of Cheibriados.
 24342 | Lair:6   | Identified the +2 leather armour "Huczuar" {Harm}
 24483 | Lair:6   | Noticed Rupert
 24787 | Lair:6   | Killed Rupert
 24804 | Lair:6   | Reached XP level 14. HP: 84/102 MP: 17/23
 24807 | Lair:6   | Reached skill level 14 in Maces & Flails
 25192 | Lair:6   | Noticed Tussaus's ghost (journeyman NaNe)
 25678 | Lair:6   | Found a viscous altar of Jiyva.
 25679 | Lair:6   | Found a staircase to the Slime Pits.
 25914 | Lair:6   | Found a transporter.
 26269 | Lair:6   | Found a runed translucent door.
 26683 | Lair:6   | Found a transporter.
 26689 | Lair:6   | Found a bloodstained altar of Trog.
 26895 | D:9      | Gained mutation: You are weak. (Str -2) [a neqoxec]
 26904 | D:9      | Killed speeev33's ghost
 26908 | D:9      | Identified the ring "Jaebuyl" {Int+6 Dex+4}
 26955 | D:9      | Lost mutation: You are weak. (Str -2) [potion of mutation]
 26955 | D:9      | Gained mutation: You have supernaturally acute eyesight.
                  | (SInv) [potion of mutation]
 26955 | D:9      | Gained mutation: You possess an exceptional clarity of
                  | mind. [potion of mutation]
 26955 | D:9      | Gained mutation: You have hidden genetic potential. [potion
                  | of mutation]
 27093 | D:4      | Killed avis's ghost
 27556 | D:5      | Killed hatdisgam's ghost
 27800 | Lair:1   | Slain by Bujuo's ghost

Illustrated notes

Levels and vault maps discovered:
D:1:      dpeg_arrival_connections, layout_loops_ring, feat_on_display
D:2:      minmay_diamond_boxcup, layout_basic, minmay_misc_feat_x,
          minmay_randomly_rotated_circles
D:3:      layout_basic, cheibrodos_sewer_entry_drain, minmay_rat_hole,
          uniq_jessica, uniq_natasha, uniq_robin
D:4:      layout_basic, marbit_many_paths, minmay_temple_entry_statues,
          ebering_ghost_rock_garden, chequers_serial_rivers_small_b,
          uniq_blork_the_orc, uniq_pikel, uniq_crazy_yiuf_cottage
D:5:      minmay_inner_zag, layout_basic,
          chequers_temple_overflow_statue_of_worship, gammafunk_ghost_split,
          serial_shops, nicolae_shop_overgrown_old_shop,
          chequers_serial_rivers_micro_a, nicolae_shop_clearance, uniq_duvessa,
          uniq_menkaure
D:6:      layout_basic, mainiacjoe_overflow_small_starburst,
          nicolae_water_bricks
D:7:      layout_basic, kennysheep_mini_moat
D:8:      layout_loops_ring, st_stairs_6, minmay_shattered_shrine, uniq_erica,
          uniq_psyche
D:9:      layout_basic, grunt_lair_entry_orc_guard_hut,
          gammafunk_ghost_stat_death
Temple:   regret_index_temple_sphere_string
Lair:1:   layout_loops_ring, ebering_ghost_rock_garden, serial_forest,
          infiniplex_forest_straight_5, infiniplex_forest_straight_3,
          infiniplex_forest_corner_1, infiniplex_forest_lined_1,
          infiniplex_forest_end_1, infiniplex_forest_straight_5,
          infiniplex_forest_end_2, infiniplex_forest_3_way,
          infiniplex_forest_clump_long
Lair:2:   layout_big_grid
Lair:3:   layout_roguey, minmay_shoals_entry_lonely_mermaid
Lair:4:   layout_roguey, nicolae_spider_entry_tight_spaces
Lair:5:   layout_hall_layers, nicolae_quartered_pool_medium, uniq_urug
Lair:6:   wormcave, layout_cave_shapes, hangedman_lair_tendril_chambers,
          slime_altar_1, basic_altar, gammafunk_ghost_wrathful_warriors,
          uniq_rupert

Skill      XL: |  1  2  3  4  5  6  7  8  9 10 11 12 13 14 |
---------------+-------------------------------------------+-----
Dodging        | 2 3 4 5 7 8 9 10 11 13 | 13.0
Spellcasting   | 3 4 6 7 8 |  8.0
Fighting       | 4 5 6 7 8 9 10 11 13 | 13.1
Polearms       | 2 3 |  3.6
Transmutations | 0 |  0.0
Maces & Flails | 4 7 10 12 13 14 | 14.0
Shields        | 2 |  2.2
Stealth        | |  1.3

Action                   |  1- 3 |  4- 6 |  7- 9 | 10-12 | 13-15 || total
-------------------------+-------+-------+-------+-------+-------++-------
Melee: Club              |     9 |       |       |       |       ||     9
       Tentacles         |    11 |    32 |    54 |   116 |   131 ||   344
       Constrict         |    13 |    55 |    62 |    53 |    60 ||   243
       Whip              |    48 |   249 |   106 |       |       ||   403
       Short sword       |       |       |   107 |       |       ||   107
       Mace              |       |       |    60 |   420 |   457 ||   937
       Halberd           |       |       |     6 |       |       ||     6
Throw: Javelin           |       |     7 |       |       |       ||     7
       Throwing net      |       |       |     1 |       |     1 ||     2
 Cast: Magic Dart        |       |    40 |    51 |     7 |     4 ||   102
       Mephitic Cloud    |       |       |     4 |     8 |     3 ||    15
       Blink             |       |       |     1 |       |       ||     1
       Apportation       |       |       |     4 |       |       ||     4
Invok: Sacrifice Arcana  |       |       |     1 |       |       ||     1
       Draw Out Power    |       |       |       |     4 |     2 ||     6
       Sacrifice Resista |       |       |       |     1 |       ||     1
       Sacrifice Health  |       |       |       |     1 |       ||     1
       Sacrifice Essence |       |       |       |     1 |       ||     1
       Apocalypse        |       |       |       |       |     4 ||     4
       Power Leap        |       |       |       |       |     1 ||     1
       Sacrifice Purity  |       |       |       |       |     1 ||     1
       Reject Sacrifices |       |       |       |       |     1 ||     1
Evoke: Wand              |       |       |       |     2 |     1 ||     3
       Condenser vane    |       |       |       |       |     1 ||     1
       Lightning rod     |       |       |       |       |     2 ||     2
  Use: Scroll            |       |     4 |       |    18 |     3 ||    25
       Potion            |       |     4 |       |     2 |     3 ||     9
 Stab: Sleeping          |     9 |     8 |     8 |    14 |     4 ||    43
       Held in net/web   |       |       |     1 |       |       ||     1
       Confused          |       |       |     2 |     5 |       ||     7
       Distracted        |       |       |     1 |     5 |     6 ||    12
       Invisible         |       |       |       |     3 |     7 ||    10
       Petrified         |       |       |       |     3 |       ||     3
       Paralysed         |       |       |       |     2 |    16 ||    18
Armor: Skin              |     5 |    48 |     2 |    27 |     8 ||    90
Dodge: Dodged            |    29 |   163 |   199 |   370 |   317 ||  1078

Table legend: (Time is in decaauts)
 A = Elapsed time spent in this place.
 B = Non-inter-level travel time spent in this place.
 C = Inter-level travel time spent in this place.
 D = Time resting spent in this place.
 E = Time spent auto-exploring this place.
 F = Levels seen in this place.
 G = Mean time per level.
                   A        B        C        D        E       F      G
               +--------+--------+--------+--------+--------+-----+--------+
         Total |  27800 |  26268 |   1532 |   9282 |  11968 |  17 | 1635.3 |
       Dungeon |  14911 |  14087 |    824 |   4068 |   7445 |   9 | 1656.8 |
        Temple |    202 |    154 |     48 |      0 |    114 |   1 |  202.0 |
          Lair |  11395 |  10735 |    660 |   4444 |   4270 |   6 | 1899.2 |
         Sewer |   1290 |   1290 |      0 |    770 |    139 |   1 | 1290.0 |
               +--------+--------+--------+--------+--------+-----+--------+

Top non-repeatable levels by time:
  Lair:6: 2288 daAuts
  Lair:5: 2237 daAuts
     D:5: 2222 daAuts
     D:8: 2158 daAuts
     D:2: 2154 daAuts
  Lair:4: 2005 daAuts
     D:3: 1870 daAuts
  Lair:1: 1863 daAuts
  Lair:3: 1730 daAuts
     D:4: 1613 daAuts
     D:6: 1505 daAuts
     D:9: 1335 daAuts
   Sewer: 1290 daAuts
  Lair:2: 1269 daAuts
     D:1: 1116 daAuts
